 Dungeon Sprint DCSS version 0.21-a0-414-gba8bdf1 (webtiles) character file.

5 Kidiri the Ruffian (level 1, -9/17 HPs)
             Began as a Draconian Transmuter on Nov 2, 2017.
             Killed by nerve-wracking pain
             ... invoked by Jessica
              (14 damage)
             ... in the Dungeon (Sprint III: "The Ten Rune Challenge").
             The game lasted 00:00:19 (41 turns).

Kidiri the Ruffian (Draconian Transmuter)             Turns: 41, Time: 00:00:20

Health: -9/17      AC:  4    Str: 12    XL:     1   Next: 66%
Magic:  2/3        EV: 12    Int: 13    God:
Gold:   0          SH:  0    Dex: 11    Spells: 3/4 levels left

rFire    . . .     SeeInvis .     - Unarmed
rCold    . . .     Gourm    .   (no shield)
rNeg     . . .     Faith    .   (armour unavailable)
rPois    .         Spirit   .   (helmet restricted)
rElec    .         Reflect  .   (no cloak)
rCorr    .         Harm     .   (no gloves)
MR       .....     NoTele   +   (no boots)
Stlth    +.........             (no amulet)
HPRegen  0.05/turn              (no ring)
MPRegen  0.08/turn              (no ring)

@: appendage (expiring)
A: unfitting armour, horns 2, cold-blooded, AC +4
a: End Transformation


You were in the Dungeon.
You were not hungry.
You had grown temporary horns.
You visited 1 branch

Inventory:

Missiles
 a - 12 arrows
Scrolls
 i - a scroll of blinking
 k - a scroll of identify {unknown}
Potions
 d - a potion of curing
 e - a potion of heal wounds
 f - a potion of haste
 g - 2 potions of magic
 h - a potion of berserk rage
Books
 b - a book of Changes

   Spells                             Type                      Level
   a - Beastly Appendage              Transmutation                1
   b - Sticks to Snakes               Transmutation                2
   c - Spider Form                    Transmutation/Poison         3
   d - Ice Form                       Ice/Transmutation            4
   e - Blade Hands                    Transmutation                5
Comestibles
 c - a bread ration
 j - a chunk of flesh


   Skills:
 * Level 2.0 Fighting
 + Level 2.0 Dodging
 + Level 0.7 Stealth
 * Level 3.3 Unarmed Combat
 + Level 2.2 Spellcasting
 * Level 2.5 Transmutations


You had 3 spell levels left.
You knew the following spells:

 Your Spells              Type           Power        Failure   Level  Hunger
a - Beastly Appendage     Tmut           #.....       9%          1    ##.....


Dungeon Overview and Level Annotations

Branches:
Dungeon (1/1)

Altars:

Annotations:
D Jessica


Innate Abilities, Weirdness & Mutations

Your plain brown scales are hard. (AC +4)
You cannot fit into any form of body armour.
You are cold-blooded and may be slowed by cold attacks.
You have a pair of horns on your head.


Message History

Confirm with . or Enter, or press ? or * to list all spells.
You grow a pair of large bovine horns.
You closely miss Jessica. Jessica hits you with a dagger.
You hit Jessica.
Jessica is lightly wounded.
Jessica hits you with a dagger.
You hit Jessica.
Jessica is heavily wounded.
Jessica hits you with a dagger.
You closely miss Jessica. Your headbutt misses Jessica.
Jessica is heavily wounded.
Jessica hits you with a dagger.
* * * LOW HITPOINT WARNING * * *
You closely miss Jessica.
Jessica is heavily wounded.
Your transformation is almost over.
Jessica points at you and mumbles some strange words.
Pain shoots through your body!
Ouch! That really hurt!
You die...

▓▓▓▓▓▓▓▓▓
▓<..#$..####
▓...#......##
▓..##.@@....#
▓##.##.##...#
##.##.## .#
▓#.####.#
▓.###..##
▓#.....#
###..##
##..## #..##


You could see Jessica.

Vanquished Creatures
  An ooze (D)
  A rat (D)
2 creatures vanquished.

Vanquished Creatures (others)
  2 plants (D)
2 creatures vanquished.

Grand Total: 4 creatures vanquished

Notes
Turn   | Place    | Note
-------+----------+-------------------------------------------
     0 | D        | Kidiri the Draconian Transmuter began the quest for the Orb.
     0 | D        | Reached XP level 1. HP: 16/16 MP: 3/3
    33 | D        | Noticed Jessica
    41 | D        | Killed from afar by Jessica

Vault maps used:
D:        dungeon_sprint_mu

Skill      XL: |  1 |
---------------+----+-----
Fighting       | 2 |  2.0
Dodging        | 2 |  2.0
Stealth        | |  0.7
Unarmed Combat | |  3.3
Spellcasting   | |  2.2
Transmutations | |  2.5

Action                   || total
-------------------------++-------
Melee: Unarmed           ||     9
       Kick              ||     1
 Cast: Beastly Appendage ||     2
 Stab: Sleeping          ||     1
Armor: Skin              ||     1
Dodge: Dodged            ||     1

Table legend:
 A = Spawn XP
 B = Non-spawn XP
 C = Spawn XP percentage of total XP
 D = Spawn monster count
 E = Non-spawn monster count
 F = Spawn count percentage of total count
 G = Total turns spent on level
                    A         B        C        D         E        F      G
               +---------+---------+-------+---------+---------+-------+---------
         Total |       0 |       8 |   0.0 |       0 |       2 |   0.0 |    41
               +---------+---------+-------+---------+---------+-------+---------
             D |       0 |       8 |   0.0 |       0 |       2 |   0.0 |    41
               +---------+---------+-------+---------+---------+-------+---------
